Map: Thunderbird LE

Players

PeLLy - Winner!

  • Race: Zerg Zerg
  • League: Diamond
  • Spawn Location: 5:00

syRRius

  • Race: Protoss Protoss
  • League: Diamond
  • Spawn Location: 11:00

VOD

Have the link to the VOD?

Description

Time

  • Played on: Aug. 12, 2019, 4:23 p.m.
  • Length: 15:16
Show
View Real Time Build Order
Export as new Build Order

PeLLy Zerg - Winner!

Build Orders: Hatch First, Swarm Host 

Get SALT Encoding   

  12  0:00  Drone  
  13  0:12  Overlord  
  13  0:23  Drone  
  14  0:30  Drone  
  14  0:31  Drone  
  16  0:36  Drone  
  17  0:53  Hatchery  
  17  0:56  Drone  
  17  1:04  Drone  
  18  1:14  Spawning Pool  
  18  1:18  Drone  
  18  1:20  Drone  
  19  1:29  Overlord  
  19  1:40  Drone  
  20  1:53  Drone  
  21  2:00  Drone  
  22  2:06  Queen, Hatchery  
  23  2:12  Queen  
  25  2:20  Zergling x4  
  25  2:22  Zergling x2  
  28  2:26  Drone  
  28  2:28  Drone  
  30  2:34  Drone  
  31  2:48  Queen  
  33  2:59  Drone x3  
  36  3:08  Overlord  
  36  3:12  Overlord x3  
  36  3:15  Extractor  
  36  3:16  Drone, Extractor  
  35  3:29  Drone  
  35  3:30  Drone x5  
  40  3:41  Drone x3  
  43  3:59  Drone x5  
  48  4:06  Drone x2  
  50  4:12  Extractor  
  49  4:21  Roach Warren  
  46  4:36  Evolution Chamber  
  46  4:37  Evolution Chamber  
  44  4:45  Drone x5  
  49  4:50  Extractor  
  48  4:57  Spore Crawler  
  48  4:59  Spore Crawler  
  46  5:01  Spore Crawler  
  46  5:02  Drone x6  
  51  5:09  Zerg Missile Weapons Level 1  
  51  5:11  Roach  
  51  5:12  Roach x7  
  67  5:15  Overlord  
  67  5:16  Overlord x2  
  67  5:24  Zerg Melee Weapons Level 1  
  67  5:32  Baneling Nest  
  67  5:33  Drone  
  67  5:34  Drone x5  
  72  5:44  Roach  
  72  5:45  Roach x5  
  84  5:54  Drone x5  
  89  6:03  Queen x2  
  95  6:06  Extractor  
  95  6:08  Extractor  
  95  6:09  Drone x5  
  98  6:16  Lair, Overlord x2  
  98  6:17  Overlord x3  
  96  6:33  Drone, Hatchery  
  96  6:46  Drone x13  
  109  7:00  Extractor  
  108  7:02  Ravager x6  
  108  7:05  Extractor  
  114  7:08  Drone x2  
  114  7:09  Drone x2  
  114  7:13  Glial Reconstitution  
  117  7:16  Zerg Missile Weapons Level 2  
  117  7:20  Roach x8  
  133  7:29  Overlord x5  
  133  7:43  Infestation Pit  
  132  7:55  Nydus Network  
  132  7:58  Overseer  
  131  7:59  Overseer  
  131  8:02  Zerg Melee Weapons Level 2  
  131  8:07  Hydralisk Den  
  131  8:11  Drone, Spire, Spore Crawler  
  131  8:12  Drone x3  
  132  8:13  Spore Crawler  
  132  8:14  Drone x3  
  132  8:16  Drone  
  135  8:21  Metabolic Boost  
  135  8:24  Hive  
  135  8:25  Swarm Host  
  135  8:26  Swarm Host x5  
  153  8:35  Pneumatized Carapace  
  153  8:51  Zergling x2  
  153  8:52  Zergling x34  
  166  9:09  Zergling x12  
  150  9:13  Roach  
  126  9:19  Roach x3  
  126  9:20  Queen x3  
  115  9:36  Roach, Nydus Canal  
  115  9:37  Roach x7  
  121  9:48  Zerg Missile Weapons Level 3  
  121  9:56  Queen  
  123  10:02  Roach x9  
  141  10:20  Swarm Host  
  141  10:21  Swarm Host x6  
  144  10:25  Hatchery  
  144  10:27  Nydus Canal  
  161  11:09  Zergling x26  
  174  11:12  Centrifical Hooks  
  174  11:28  Nydus Canal  
  174  11:31  Baneling x5  
  174  11:32  Baneling x3  
  125  12:05  Roach x20  
  165  12:16  Queen x2, Hatchery  
  168  12:30  Overlord x6  
  168  12:31  Overlord  
  168  12:37  Overlord x2  
  168  12:38  Overlord  
  168  13:00  Hydralisk x5  
  168  13:01  Hydralisk x6  
  168  13:04  Zergling x18  
  199  13:09  Adrenal Glands  
  199  13:20  Extractor  
  199  13:21  Extractor  
  197  13:41  Baneling x14  
  197  14:03  Nydus Canal  
  187  14:48  Roach x6  
  197  15:05  Nydus Canal  
Show
View Real Time Build Order
Export as new Build Order

syRRius Protoss 

Build Orders: 1 Gate Expand 

Get SALT Encoding   

  12  0:00  Probe  
  13  0:13  Probe  
  14  0:19  Pylon  
  14  0:25  Probe  
  15  0:37  Probe  
  16  0:44  Gateway  
  17  0:50  Probe  
  17  0:56  Assimilator  
  17  1:06  Assimilator  
  17  1:18  Nexus  
  17  1:20  Probe  
  18  1:29  Probe  
  18  1:37  Probe  
  19  1:41  Cybernetics Core  
  19  1:42  Pylon  
  20  1:48  Probe  
  20  1:53  Assimilator  
  21  2:00  Zealot  
  23  2:03  Probe  
  23  2:07  Warp Gate  
  24  2:21  Probe  
  25  2:27  Stalker  
  27  2:30  Probe  
  27  2:33  Probe  
  29  2:43  Probe  
  29  2:55  Probe  
  30  3:00  Zealot  
  30  3:05  Gateway  
  32  3:09  Gateway  
  32  3:11  Probe x2  
  34  3:23  Probe  
  35  3:33  Probe  
  36  3:38  Probe  
  37  3:45  Probe  
  38  3:50  Probe  
  39  3:56  Zealot  
  39  4:00  Zealot  
  39  4:02  Pylon  
  43  4:08  Zealot  
  45  4:14  Probe  
  45  4:15  Pylon  
  46  4:20  Probe  
  47  4:26  Probe  
  47  4:29  Zealot x3  
  54  4:33  Probe  
  55  4:38  Probe  
  55  4:45  Pylon  
  56  4:47  Probe  
  57  4:55  Nexus, Assimilator  
  57  4:56  Pylon  
  57  4:57  Assimilator  
  57  4:58  Pylon  
  57  5:00  Probe x2  
  59  5:16  Gateway x2  
  59  5:18  Twilight Council  
  59  5:21  Gateway  
  59  5:23  Zealot x3  
  59  5:25  Probe x2  
  59  5:27  Charge  
  67  5:45  Probe x2  
  67  5:51  Robotics Facility  
  67  5:54  Pylon  
  67  5:57  Probe  
  67  6:01  Stalker  
  67  6:02  Stalker  
  67  6:03  Stalker  
  74  6:08  Probe x2  
  76  6:16  Assimilator, Zealot x3  
  82  6:21  Templar Archives, Assimilator  
  82  6:22  Pylon  
  82  6:25  Probe x3  
  85  6:35  Stalker x2  
  85  6:36  Zealot  
  85  6:37  Probe x2  
  85  6:39  Observer  
  93  6:40  Forge  
  93  6:43  Forge  
  94  6:48  Psionic Storm  
  94  6:50  Probe x2  
  94  6:51  Probe  
  94  6:52  Zealot  
  99  6:54  Zealot  
  99  6:56  Protoss Ground Weapons Level 1, Zealot  
  99  6:57  Protoss Ground Armor Level 1  
  99  6:59  Zealot  
  105  7:02  Zealot  
  107  7:11  High Templar  
  109  7:18  Pylon  
  109  7:21  Pylon  
  109  7:22  Pylon  
  109  7:23  Pylon  
  109  7:25  Pylon  
  109  7:32  Immortal  
  109  7:39  Probe x3  
  109  7:40  High Templar x2  
  109  7:41  High Templar x2  
  109  7:42  High Templar  
  126  7:45  High Templar  
  128  7:51  Probe x3  
  131  8:09  Immortal, Probe x3  
  138  8:18  High Templar  
  140  8:21  Pylon  
  140  8:24  Pylon  
  138  8:52  Probe x3  
  141  8:57  Protoss Ground Weapons Level 2  
  141  9:00  Protoss Ground Armor Level 2  
  113  9:11  Archon x2  
  113  9:12  Archon  
  113  9:14  Zealot  
  113  9:15  High Templar x3  
  113  9:16  Zealot x2  
  113  9:22  Gateway x2  
  107  9:24  Gateway  
  107  9:26  Nexus, Gateway  
  107  9:28  Gateway  
  103  9:37  Assimilator  
  99  9:40  Assimilator  
  99  9:41  Stalker x3  
  85  10:12  Zealot  
  85  10:13  Zealot x3  
  85  10:14  Immortal, Zealot x2  
  99  10:29  Stargate  
  99  10:36  Stargate  
  99  10:38  Probe x3  
  102  10:55  Stalker x3  
  102  10:56  Stalker x3  
  114  10:58  Zealot x2  
  114  10:59  Zealot  
  114  11:00  Zealot x2  
  124  11:17  Phoenix  
  124  11:18  Phoenix  
  125  11:39  Phoenix  
  125  11:40  Phoenix  
  125  11:45  Nexus  
  125  11:47  Pylon  
  76  12:16  Zealot  
  76  12:17  Zealot x5  
  76  12:18  High Templar, Stalker x3  
  76  12:19  High Templar  
  76  12:21  Immortal  
  98  12:24  Archon  
  98  12:29  Phoenix x2  
  106  12:42  Nexus  
  106  13:01  Zealot x6  
  106  13:02  Zealot x4  
  106  13:04  Zealot  
  127  13:48  Pylon  
  125  13:50  Pylon  
  125  13:54  High Templar  
  125  13:55  High Templar x5  
  137  13:56  Zealot x3  
  137  13:57  Zealot x2  
  147  14:09  Nexus  
  147  14:12  Pylon  
  147  14:19  Zealot x4  
  147  14:20  Zealot  
  104  14:49  Stalker x4  
  98  14:54  Zealot x4  
  98  14:55  Zealot x2  
  98  14:56  Zealot  
Tags
 
Add a new tag
Caveats
  • Supply blocks, unpowered buildings, or Contaminate may cause inaccurate times.
  • Supply counts are checked every 10 seconds.